 Dungeon Crawl Stone Soup version 0.27.1-33-g824d729ab1 (webtiles) character file.

Game seed: 5529660296515658422

277 Paulemeister the Chopper (level 6, -2/85 HPs)
             Began as a Minotaur Berserker on Dec 10, 2021.
             Was a Believer of Trog.
             Slain by a gnoll sergeant (4 damage)
             ... on level 3 of the Dungeon on Dec 14, 2021.
             The game lasted 00:41:57 (4037 turns).

Paulemeister the Chopper (Minotaur Berserker)       Turns: 4037, Time: 00:41:58

Health: -2/85      AC: 12    Str: 24    XL:     6   Next: 4%
Magic:  5/5        EV:  8    Int:  4    God:    Trog [**....]
Gold:   105        SH:  0    Dex:  9    Spells: 5/5 levels left

rFire    . . .     SeeInvis .   a - +0 hand axe
rCold    . . .     Faith    .   (no shield)
rNeg     . . .     Spirit   .   p - +0 chain mail
rPois    .         Reflect  .   (helmet restricted)
rElec    .         Harm     .   f - +0 cloak
rCorr    .         Rampage  .   r - +1 pair of gloves
Will     .....                  (no boots)
Stlth    ..........             (no amulet)
HPRegen  0.24/turn              (no ring)
MPRegen  0.09/turn              (no ring)

@: berserking, very quick
A: horns 2, retaliatory headbutt
a: Renounce Religion, Berserk, Trog's Hand


You were on level 3 of the Dungeon.
You worshipped Trog.
Trog was pleased with you.
You visited 1 branch of the dungeon, and saw 4 of its levels.

You collected 105 gold pieces.

Inventory:

Hand Weapons
 a - a +0 hand axe (weapon)
 k - a +0 spear
Missiles
 h - 35 sling bullets
 j - 28 stones (quivered)
 t - 3 poisoned darts
Armour
 f - a +0 cloak (worn)
 p - a +0 chain mail (worn)
 r - a +1 pair of gloves (worn)
Wands
 q - a wand of acid (6)
Scrolls
 c - 3 scrolls of teleportation
 d - a scroll of enchant armour
Potions
 l - a potion of curing
 m - a potion of flight
 n - a potion of haste {unknown}
 o - a potion of invisibility {unknown}


   Skills:
 + Level 5.6 Fighting
 * Level 6.9 Axes
 - Level 2.4 Armour
 - Level 2.1 Dodging


You had 5 spell levels left.
You didn't know any spells.
Your spell library was empty.

Dungeon Overview and Level Annotations

Branches:
Dungeon (4/15)
 Temple: D:4-7

Altars:
Hepliaklqana
Kikubaaqudgha
Qazlal
Wu Jian


Innate Abilities, Weirdness & Mutations

You have a pair of horns on your head.
You reflexively headbutt those who attack you in melee.


Message History

You headbutt the gnoll sergeant, but do no damage.
The gnoll sergeant is lightly wounded.
You closely miss the gnoll. The gnoll hits you but does no damage.
The gnoll hits you from afar with a +0 halberd.
The gnoll sergeant hits you with a +0 trident!
There is a stone staircase leading up, spattered with blood here.
The gnoll hits you from afar with a +0 halberd.
The gnoll sergeant hits you with a +0 trident.
* * * LOW HITPOINT WARNING * * *
You climb upwards.
There is a stone staircase leading down here.
A red film seems to cover your vision as you go berserk!
You feel yourself moving faster!
You feel mighty!
The gnoll sergeant hits you with a +0 trident.
* * * LOW HITPOINT WARNING * * *
Your chain mail prevents you from hitting the gnoll sergeant.
The gnoll sergeant is lightly wounded.
The gnoll sergeant blocks your attack.
The gnoll sergeant is lightly wounded.
The gnoll sergeant hits you with a +0 trident!
* * * LOW HITPOINT WARNING * * *
You hit the gnoll sergeant but do no damage.
The gnoll sergeant is lightly wounded.
The gnoll sergeant hits you with a +0 trident.
* * * LOW HITPOINT WARNING * * *
You slash the gnoll sergeant!
The gnoll sergeant is severely wounded.
The gnoll sergeant hits you with a +0 trident!
* * * LOW HITPOINT WARNING * * *
The gnoll sergeant blocks your attack.
You headbutt the gnoll sergeant.
The gnoll sergeant is severely wounded.
The gnoll sergeant blocks your attack.
Your headbutt misses the gnoll sergeant.
The gnoll sergeant is severely wounded.
The gnoll sergeant hits you with a +0 trident.
* * * LOW HITPOINT WARNING * * *
You slash the gnoll sergeant!
The gnoll sergeant is almost dead.
The gnoll sergeant hits you with a +0 trident.
You die...

#######.###########.####.#.#..#
#.......# #.# #.#.#..#
#.......# #.# #.#.#..#
#.......###########.# #.#.#..#
........#...........# #.#.#..#
........#...........####.#.#..#
........+................#.#..#
#......##...........######.#..#
...............g@..........#<.#
...########..###.)..#########.#
........#....# #..............#
........#....# #.......########
........#....# #.......#
........###..###.......#
###....## #..##.......##
####...####..##.......#
#............##.......#


You could see a gnoll sergeant.

Vanquished Creatures
  The ghost of spimroxx the Ducker, an amateur OpTm (D:3)
  A hound (D:3)
  7 gnolls
  4 adders
  A worm (D:2)
  2 dart slugs
  4 orcs
  3 bats
  5 endoplasms
  2 giant cockroaches
  11 goblins
  4 hobgoblins
  6 ball pythons
  4 frilled lizards (D:1)
  4 kobolds
  5 rats
64 creatures vanquished.

Notes
Turn   | Place    | Note
-------+----------+-------------------------------------------
     0 | D:1      | Paulemeister the Minotaur Berserker began the quest for the
                  | Orb.
     0 | D:1      | Reached XP level 1. HP: 19/19 MP: 0/0
   249 | D:1      | You fall into a shaft and drop 1 floor!
   293 | D:1      | You fall into a shaft and drop 1 floor!
   302 | D:2      | Reached skill level 4 in Axes
   304 | D:2      | Reached XP level 2. HP: 27/27 MP: 1/1
   436 | D:1      | Found a faded altar of an unknown god.
   719 | D:1      | Reached XP level 3. HP: 22/33 MP: 2/2
   722 | D:1      | Reached ** piety under Trog
  1626 | D:2      | Reached skill level 5 in Axes
  1631 | D:2      | Reached XP level 4. HP: 10/41 MP: 3/3
  2012 | D:2      | You fall into a shaft and drop 1 floor!
  2397 | D:3      | Found a stormy altar of Qazlal.
  2399 | D:3      | Found a hazy altar of Hepliaklqana.
  2401 | D:3      | Found an ornate altar of the Wu Jian Council.
  2418 | D:3      | Found a runed translucent door.
  2420 | D:3      | Noticed spimroxx's ghost (amateur OpTm)
  2753 | D:3      | Reached skill level 5 in Fighting
  2753 | D:3      | Reached XP level 5. HP: 48/48 MP: 4/4
  2763 | D:3      | Reached skill level 6 in Axes
  3462 | D:3      | Found an ancient bone altar of Kikubaaqudgha.
  3702 | D:3      | Killed spimroxx's ghost
  3895 | D:4      | Reached XP level 6. HP: 55/56 MP: 5/5
  4034 | D:3      | HP: 4/85 [gnoll sergeant (7)]
  4037 | D:3      | Slain by a gnoll sergeant

Illustrated notes

Levels and vault maps discovered:
D:1:      matt_arrival_diagonals, layout_loops_ring,
          hellmonk_ecumenical_altar_crossroads, minmay_tromino_v4_a
D:2:      layout_basic, st_stairs_5, grunt_decor_clamped, minmay_tripent
D:3:      layout_basic, kiku_gazebo_pond_becter, grunt_temple_overflow_diamond,
          gammafunk_ghost_grave
D:4:      layout_basic, hangedman_decor_opposing, nicolae_underground_beach

Skill      XL: |  1  2  3  4  5 |
---------------+----------------+-----
Axes           | 4 5 6 |  6.9
Fighting       | 4 5 |  5.6
Armour         | |  2.4
Dodging        | |  2.1

Action                   |  1- 3 |  4- 6 || total
-------------------------+-------+-------++-------
Melee: Hand axe          |    79 |    85 ||   164
       Headbutt          |    10 |    12 ||    22
Throw: Stone             |     4 |    39 ||    43
Invok: Berserk           |     2 |     4 ||     6
  Use: Scroll            |       |     8 ||     8
Armor: Leather armour    |    14 |     3 ||    17
       Chain mail        |       |    41 ||    41
Dodge: Dodged            |    32 |    31 ||    63
